AoeStats
← bkg45

Black Forest

503211872Analyzed
3v3 RM · 1mo ago on Aug 30, 2026· 60m 35s· 6 players
Game mode
Random Map
Map size
Normal (6 player)
Population
200
Speed
Normal
Resources
Standard
Victory
Conquest
Starting age
Dark Age
Ending age
Imperial Age
RankedLock teamsTeams togetherTeam positionsShared explorationLock speedFull tech treeHidden civsTurbo modeCheats
Victory
Defeat
🇺🇸 Bohemians · United States
1371
+10
🇺🇸 Mongols · United States
1266
+14
🇺🇸 Franks · United States
1093
+22
🇺🇸 Persians · United States
1336
-20
🇺🇸 Britons · United States
1251
-16
🇺🇸 Spanish · United States
1106
-16
-- .- -. .. ... ....
2:31 Loom
2:53 Loom
14:52 Feudal Age
18:47 Double-Bit Axe
21:49 Castle Age
20:31 Stone Mining
23:12 Wheelbarrow
22:19 Horse Collar
23:43 Bow Saw
26:26 Fishing Lines
28:13 Gillnets
30:19 Forging
35:14 Iron Casting
34:45 Scale Barding Armor
38:02 Imperial Age
35:48 Hand Cart
37:31 Heavy Plow
37:37 Husbandry
38:58 Gold Mining
41:29 Blast Furnace
40:50 Chain Barding Armor
41:06 Cavalier
42:25 Murder Holes
43:31 Chemistry
43:18 Conscription
44:18 Plate Barding Armor
46:56 Fletching
47:06 Padded Archer Armor
47:07 Scale Mail Armor
47:04 Paladin
50:45 Bodkin Arrow
58:03 Ballistics
nprhino_aoe
1:00 Loom
10:36 Feudal Age
10:40 Man-at-Arms
15:57 Fletching
23:01 Castle Age
25:08 Double-Bit Axe
26:52 Fishing Lines
30:17 Bow Saw
30:04 Horse Collar
33:58 Imperial Age
33:00 Kamandaran
33:38 Capped Ram
34:32 Siege Ram
40:51 Conscription
40:53 Scale Barding Armor
42:01 Chain Barding Armor
41:52 Forging
41:53 Bloodlines
41:44 Husbandry
41:51 Cavalier
45:57 Plate Barding Armor
53:49 Savar
57:40 Iron Casting
bkg45
8:29 Loom
11:07 Feudal Age
14:49 Castle Age
13:10 Double-Bit Axe
14:21 Horse Collar
15:48 Bow Saw
15:33 Fishing Lines
18:28 Heavy Plow
22:48 Gillnets
23:12 Gold Mining
23:12 Stone Mining
24:17 Wheelbarrow
25:20 Gold Shaft Mining
25:53 Hand Cart
29:10 Imperial Age
26:39 Town Watch
26:55 Fletching
27:31 Padded Archer Armor
27:57 Ballistics
27:49 Masonry
28:04 Bodkin Arrow
28:56 Leather Archer Armor
30:11 Coinage
30:18 Conscription
30:00 Bracer
30:30 Ring Archer Armor
31:15 Chemistry
31:37 Banking
31:08 Caravan
31:33 Elite Longbowman
35:17 Hoardings
35:08 Yeomen
35:05 Scale Mail Armor
35:16 Forging
37:28 Chain Mail Armor
37:49 Iron Casting
39:02 Pikeman
39:43 Squires
40:21 Arrowslits
41:07 Architecture
42:45 Plate Mail Armor
43:16 Blast Furnace
51:40 Halberdier
58:02 Siege Engineers
57:56 Murder Holes
golden canine
1:25 Loom
12:11 Feudal Age
16:36 Castle Age
16:26 Double-Bit Axe
18:07 Wheelbarrow
17:47 Bow Saw
17:34 Horse Collar
20:54 Fervor
23:10 Scale Barding Armor
25:04 Heavy Plow
30:49 Imperial Age
28:38 Hand Cart
30:01 Chemistry
29:15 Fletching
29:11 Pikeman
30:50 Scale Mail Armor
31:01 Forging
30:59 Halberdier
32:48 Chain Mail Armor
34:32 Plate Mail Armor
34:37 Iron Casting
34:48 Siege Engineers
39:49 Houfnice
42:44 Masonry
47:26 Bodkin Arrow
48:32 Blast Furnace
53:58 Coinage
57:37 Town Watch
JIV
0:31 Loom
12:28 Feudal Age
18:04 Castle Age
19:08 Double-Bit Axe
25:35 Bow Saw
28:52 Wheelbarrow
28:03 Town Watch
28:37 Gold Mining
28:45 Stone Mining
30:03 Husbandry
30:42 Hand Cart
33:02 Gold Shaft Mining
33:19 Coinage
35:00 Town Patrol
35:33 Forging
35:29 Scale Barding Armor
38:43 Imperial Age
37:31 Murder Holes
39:33 Iron Casting
40:29 Caravan
41:00 Banking
40:56 Ballistics
40:47 Masonry
41:39 Chemistry
41:36 Chain Barding Armor
41:17 Cavalier
43:15 Architecture
43:53 Paladin
45:24 Plate Barding Armor
47:40 Blast Furnace
46:31 Fletching
46:41 Padded Archer Armor
46:42 Scale Mail Armor
49:29 Conscription
49:10 Chivalry
49:31 #83
48:31 Elite Throwing Axeman
55:00 Hoardings
cbuker
1:01 Loom
13:34 Feudal Age
20:33 Castle Age
19:02 Double-Bit Axe
19:08 Gold Mining
19:01 Horse Collar
19:28 Fletching
19:55 Stone Mining
20:22 Padded Archer Armor
27:03 Bow Saw
27:11 Heavy Plow
28:35 Wheelbarrow
31:32 Fortified Wall
36:25 Imperial Age
35:07 Scale Barding Armor
35:49 Bloodlines
35:39 Husbandry
35:05 Light Cavalry
36:58 Forging
37:09 Chain Barding Armor
37:19 Hussar
39:17 Conscription
40:12 Iron Casting
42:46 Gold Shaft Mining
47:56 Elite Mangudai
50:09 Bodkin Arrow
50:30 Leather Archer Armor
50:37 Ballistics
51:21 Caravan
51:50 Bracer
55:04 Blast Furnace
55:07 Chemistry
54:21 Masonry
56:47 Hoardings
56:34 Drill
58:20 Stone Shaft Mining
58:07 Hand Cart
57:38 Town Watch
59:06 Capped Ram
60:02 Siege Ram
Connection lost

Rejoining the realm…

Still unreachable

The connection could not be restored.

Session expired

The server has moved on; the page needs a fresh start.